Map: Inside and Out

Players

A.I. 1 (Very Easy) - Winner!

  • Race: Protoss Protoss
  • Spawn Location: 1:00

Oreo

  • Race: Zerg Zerg
  • League: Master
  • Spawn Location: 7:00

VOD

Have the link to the VOD?

Description

Time

  • Played on: Nov. 1, 2022, 2:04 a.m.
  • Length: 6:19
Show
View Real Time Build Order
Export as new Build Order

A.I. 1 (Very Easy) Protoss - Winner!

Build Orders:  

Get SALT Encoding   

  12  0:00  Probe  
  13  0:13  Probe  
  14  0:20  Pylon  
  14  0:37  Assimilator  
  14  0:43  Gateway  
  14  0:46  Pylon  
  14  1:13  Assimilator  
  14  1:19  Probe  
  15  1:27  Probe  
  15  1:32  Cybernetics Core  
  16  1:35  Probe  
  17  1:46  Probe  
  18  1:57  Probe  
  18  1:58  Warp Gate  
  19  2:05  Probe  
  19  2:09  Stalker  
  22  5:17  Zealot  
  22  5:18  Probe  
  22  5:20  Pylon  
  25  5:22  Robotics Facility  
  23  5:29  Probe  
  24  5:37  Probe  
  25  5:45  Probe  
  26  5:54  Pylon  
  26  5:57  Probe  
  27  6:09  Zealot  
Show
View Real Time Build Order
Export as new Build Order

Oreo Zerg 

Build Orders: Hatch First 

Get SALT Encoding   

  12  0:00  Drone  
  13  0:12  Overlord  
  13  0:16  Drone  
  14  0:30  Drone x2  
  16  0:48  Hatchery  
  15  0:51  Drone  
  15  0:55  Drone  
  17  0:58  Drone  
  18  1:10  Extractor  
  17  1:13  Spawning Pool  
  17  1:17  Drone  
  17  1:20  Drone  
  18  1:27  Drone  
  19  1:38  Drone  
  20  1:49  Overlord  
  20  2:00  Queen x2  
  20  2:01  Zergling x4  
  26  2:10  Drone  
  26  2:11  Drone  
  26  2:12  Metabolic Boost  
  28  2:21  Drone x2  
  30  2:36  Drone, Hatchery  
  30  2:38  Drone  
  30  2:43  Drone  
  32  2:44  Overlord  
  32  2:51  Queen  
  32  2:54  Drone  
  32  2:56  Drone  
  36  3:02  Queen  
  38  3:06  Overlord  
  38  3:09  Drone  
  38  3:11  Drone  
  41  3:12  Drone  
  41  3:16  Drone  
  41  3:17  Drone  
  41  3:19  Drone  
  44  3:22  Overlord  
  44  3:25  Drone  
  45  3:29  Queen  
  45  3:33  Spore Crawler  
  46  3:35  Drone  
  46  3:37  Drone  
  48  3:41  Drone x2  
  48  3:44  Overlord  
  48  3:45  Drone  
  48  3:48  Drone  
  52  3:49  Drone  
  52  3:53  Lair  
  53  3:59  Queen  
  53  4:01  Drone  
  56  4:03  Drone  
  56  4:04  Drone  
  56  4:05  Drone  
  56  4:07  Drone  
  56  4:08  Drone  
  61  4:10  Drone  
  61  4:12  Drone  
  61  4:13  Drone  
  61  4:14  Drone  
  61  4:16  Drone  
  66  4:19  Overlord  
  66  4:23  Spore Crawler  
  65  4:24  Spore Crawler, Drone  
  65  4:25  Drone  
  65  4:28  Overlord  
  65  4:30  Overlord  
  66  4:35  Extractor  
  66  4:36  Drone  
  66  4:37  Extractor  
  66  4:38  Drone x4  
  68  4:40  Drone  
  68  4:42  Overlord  
  68  4:44  Overlord  
  70  4:47  Zergling x4  
  70  4:49  Zergling x2  
  70  4:52  Zergling x2  
  74  4:53  Zergling x4, Hydralisk Den  
  74  4:54  Zergling x2  
  74  4:56  Zergling x2  
  74  4:58  Zergling x2  
  78  5:05  Drone  
  78  5:07  Zergling x8  
  80  5:08  Zergling x2  
  80  5:10  Overlord  
  80  5:11  Zergling x4  
  86  5:15  Zergling x2  
  86  5:16  Zergling x2  
  88  5:21  Overlord  
  88  5:22  Zergling x6  
  88  5:26  Hydralisk  
  92  5:30  Hydralisk  
  92  5:33  Hydralisk  
  92  5:34  Hydralisk  
  92  5:35  Hydralisk  
  100  5:36  Hydralisk  
  100  5:38  Zergling x2  
  100  5:40  Zergling x2  
  104  5:45  Zergling x6, Hatchery  
  104  5:46  Overlord  
  104  5:48  Hydralisk  
  108  5:51  Hydralisk  
  108  5:54  Hydralisk  
  108  5:56  Zergling x4  
  114  5:58  Zergling x2  
Tags
 
League
Master
Matchup
PvZ
Spawn Locations
Cross Positions
Add a new tag
Caveats
  • Supply blocks, unpowered buildings, or Contaminate may cause inaccurate times.
  • Supply counts are checked every 10 seconds.